 Dungeon Crawl Stone Soup version 0.27.0-1-g7a089689b8 (webtiles) character file.

Game seed: 4893547983621286317

1030 horus123 the Destroyer (level 8, -2/41 HPs)
             Began as a Deep Elf Conjurer on Aug 4, 2021.
             Was a Believer of Qazlal.
             Slain by a black bear (6 damage)
             ... on level 5 of the Dungeon.
             The game lasted 00:19:49 (5318 turns).

horus123 the Destroyer (Deep Elf Conjurer)          Turns: 5318, Time: 00:19:50

Health: -2/41      AC:  4    Str:  4    XL:     8   Next: 3%
Magic:  7/21       EV: 13    Int: 26    God:    Qazlal [**....]
Gold:   123        SH:  2    Dex: 13    Spells: 12/22 levels left

rFire    . . .     SeeInvis .   b - +4 mace (venom)
rCold    . . .     Faith    .   (no shield)
rNeg     . . .     Spirit   .   a - +0 robe
rPois    .         Reflect  .   (no helmet)
rElec    .         Harm     .   (no cloak)
rCorr    .         Rampage  .   d - +1 pair of gloves
Will     .....                  (no boots)
Stlth    ++........             (no amulet)
HPRegen  0.13/turn              (no ring)
MPRegen  0.17/turn              (no ring)

@: very slightly contaminated
A: no striking features
a: Renounce Religion, Upheaval


You were on level 5 of the Dungeon.
You worshipped Qazlal.
Qazlal was pleased with you.
You visited 1 branch of the dungeon, and saw 5 of its levels.

You collected 145 gold pieces.
You spent 22 gold pieces at shops.

Inventory:

Hand Weapons
 b - a +4 mace of venom (weapon)
Armour
 a - a +0 robe (worn)
 d - a +1 pair of gloves (worn)
Magical Staves
 m - a staff of death
Wands
 h - a wand of polymorph (10)
Scrolls
 k - 2 scrolls of teleportation
 l - 3 scrolls of amnesia
Potions
 c - 2 potions of heal wounds
 e - 2 potions of haste
 f - 2 potions of brilliance
 g - 5 potions of curing {unknown}
 i - a potion of might
 j - a potion of berserk rage {unknown}


   Skills:
 + Level 0.1 Fighting
 + Level 0.7 Maces & Flails
 + Level 3.1 Dodging
 + Level 4.1 Stealth
 + Level 7.5 Spellcasting
 + Level 8.4 Conjurations
 + Level 1.9 Hexes


You had 12 spell levels left.
You knew the following spells:

 Your Spells              Type           Power      Damage    Failure   Level
a - Magic Dart            Conj           100%       1d8       1%          1
b - Searing Ray           Conj           100%       3d7       1%          2
c - Dazzling Flash        Conj/Hex       72%        N/A       1%          3
d - Fulminant Prism       Conj/Hex       18%        3d11      7%          4

Your spell library contained the following spells:

 Spells                   Type           Power      Damage    Failure   Level
 Mephitic Cloud           Conj/Pois/Air  24%        N/A       5%          3
 Iskenderun's Mystic Bla  Conj/Tloc      31%        2d8       11%         4
 Gell's Gravitas          Tloc           4%         N/A       19%         3
 Ignite Poison            Fire/Tmut/Pois 9%         N/A       19%         3
 Teleport Other           Tloc           9%         N/A       19%         3
 Bolt of Magma            Conj/Fire/Erth 12%        4d8       45%         5
 Dispersal                Tloc           4%         N/A       100%        6


Dungeon Overview and Level Annotations

Branches:
Dungeon (5/15)
 Temple: D:4-7

Altars:
Nemelex Xobeh
Okawaru
Qazlal
Xom
Yredelemnul

Shops:
D:2 ?


Message History

Nothing appears to happen.
Casting: Dazzling Flash (safe; 1% risk of failure)
Confirm with . or Enter, or press ? or * to list all spells.
The black bear is dazzled.
The black bear bites you! The black bear misses you.
The black bear closely misses you.
Casting: Dazzling Flash (safe; 1% risk of failure)
Confirm with . or Enter, or press ? or * to list all spells.
Aiming: Searing Ray (safe; 1% risk of failure)
Press: ? - help, Shift-Dir - straight line, f - black bear
Aim: a black bear (blind, 87% to hit)
The searing ray hits the black bear!
The black bear is moderately wounded. (Press . to maintain the ray.)
The black bear bites you.
The black bear claws you but does no damage.
The black bear closely misses you.
The searing ray hits the black bear.
The black bear is heavily wounded.
The black bear bites you! The black bear barely misses you. x2
The searing ray hits the black bear!
The black bear is almost dead.
The black bear goes berserk!
The searing ray hits the black bear.
The black bear is almost dead.
You finish channeling your searing ray.
The black bear barely misses you. The black bear claws you. x2
Casting: Searing Ray (safe; 1% risk of failure)
Confirm with . or Enter, or press ? or * to list all spells.
Aiming: Searing Ray (safe; 1% risk of failure)
Press: ? - help, Shift-Dir - straight line, f/p - black bear
Aim: a black bear (almost dead, berserk, blind, 87% to hit)
The searing ray misses the black bear. (Press . to maintain the ray.)
The black bear is no longer blind.
The black bear bites you!
* * * LOW HITPOINT WARNING * * *
The black bear claws you.
* * * LOW HITPOINT WARNING * * *
The black bear misses you. The black bear closely misses you.
The black bear claws you.
You die...

....# ...# ...#
#####..### ####
#........# ...
##........#
#.##..)......#
#..#.##°..##.#
#...#.@h..#
####....§_.....#
#########.....#....$#..#
..............##...##..#
##.....######........ .#
...##### ###...... ####
#######


You could see a black bear (berserk).

Vanquished Creatures
  Sigmund (D:2)
  Edmund (D:5)
  3 black bears
  A water moccasin zombie (D:4)
  An orc priest (D:4)
  Terence (D:2)
  2 orc wizards (D:4)
  Natasha (thrice) (D:2)
  3 iguanas
  A hound zombie (D:4)
  A gnoll (D:3)
  2 howler monkey skeletons (D:4)
  4 adders
  3 adder zombies (D:4)
  2 worms
  19 orcs
  4 ball pythons
  3 bats
  5 giant cockroaches
  8 goblins
  7 hobgoblins
  7 jackals
  6 kobolds
  4 quokkas
  4 frilled lizards (D:1)
  4 rats
100 creatures vanquished.

Vanquished Creatures (others)
  An orc (D:3)
  A bat (D:3)
  A goblin (D:3)
  A quokka (D:3)
  A ball python (D:3)
  5 fulminant prisms
10 creatures vanquished.

Grand Total: 110 creatures vanquished

Notes
Turn   | Place    | Note
-------+----------+-------------------------------------------
     0 | D:1      | horus123 the Deep Elf Conjurer began the quest for the Orb.
     0 | D:1      | Reached XP level 1. HP: 10/10 MP: 6/6
   331 | D:1      | Reached XP level 2. HP: 15/15 MP: 5/8
   378 | D:1      | Learned a level 2 spell: Searing Ray
   404 | D:1      | Found a faded altar of an unknown god.
   488 | D:1      | Reached skill level 5 in Conjurations
   885 | D:2      | Found Rierod's Magic Scroll Boutique.
   996 | D:2      | Noticed Terence
  1000 | D:2      | Killed Terence
  1001 | D:2      | Reached XP level 3. HP: 19/19 MP: 5/10
  1077 | D:2      | Found a stormy altar of Qazlal.
  1086 | D:2      | Became a worshipper of Qazlal Stormbringer
  1191 | D:2      | Noticed Sigmund
  1196 | D:2      | Killed Sigmund
  1197 | D:2      | Reached skill level 6 in Conjurations
  1197 | D:2      | Reached XP level 4. HP: 14/24 MP: 6/12
  1197 | D:2      | Reached XP level 5. HP: 17/28 MP: 6/13
  1206 | D:2      | Learned a level 3 spell: Dazzling Flash
  1585 | D:2      | Noticed Natasha
  1592 | D:2      | Killed Natasha
  2397 | D:2      | Bought a scroll of identify for 22 gold pieces
  2399 | D:2      | Noticed Natasha
  2403 | D:2      | Killed Natasha
  2404 | D:2      | Reached XP level 6. HP: 32/32 MP: 9/15
  2505 | D:2      | Noticed Natasha
  2507 | D:2      | Killed Natasha
  2508 | D:2      | Reached skill level 7 in Conjurations
  2807 | D:3      | Found a shimmering altar of Xom.
  2941 | D:3      | Learned a level 4 spell: Fulminant Prism
  3077 | D:3      | Reached skill level 5 in Spellcasting
  3190 | D:3      | Reached * piety under Qazlal
  3306 | D:3      | Found a stormy altar of Qazlal.
  3308 | D:3      | Noticed a water elemental
  3309 | D:3      | Noticed an air elemental
  3309 | D:3      | Noticed a fire elemental
  4038 | D:4      | Reached XP level 7. HP: 36/36 MP: 8/17
  4047 | D:4      | Reached skill level 1 in Hexes
  4481 | D:4      | Reached ** piety under Qazlal
  4482 | D:4      | Reached skill level 8 in Conjurations
  4710 | D:4      | Found a basalt altar of Yredelemnul.
  4813 | D:4      | Found a sparkling altar of Nemelex Xobeh.
  5041 | D:5      | Entered Level 5 of the Dungeon
  5087 | D:5      | Noticed Edmund
  5098 | D:5      | Killed Edmund
  5103 | D:5      | Reached XP level 8. HP: 38/41 MP: 1/21
  5291 | D:5      | Found an iron altar of Okawaru.
  5318 | D:5      | Slain by a black bear

Illustrated notes

Levels and vault maps discovered:
D:1:      nzn_arrival_crosshair, layout_rooms, basic_ecumenical_altar,
          minivault_11, minmay_misc_feat_square, hangedman_decor_diamond_cutter,
          kennysheep_another_room, minmay_misc_feat_diagonals, chequers_jeans
D:2:      layout_basic, serial_shops, shop, basic_altar, grunt_ministairs_8,
          kennysheep_flooded_box, uniq_natasha, uniq_sigmund, uniq_terence
D:3:      layout_rooms, nicolae_qazlal_style_of_elements, xom_confusion_cloud,
          kennysheep_cluttered_room, st_stairs_4, minmay_vboxes
D:4:      layout_loops_ring, nicolae_overflow_hidden_temple,
          nicolae_yredelemnul_corpse_copse, minivault_19
D:5:      layout_rooms, okawaru_gym_becter, uniq_edmund

Skill      XL: |  1  2  3  4  5  6  7 |
---------------+----------------------+-----
Conjurations   | 5 6 7 8 |  8.4
Stealth        | 3 4 |  4.1
Spellcasting   | 4 5 7 |  7.5
Dodging        | 3 |  3.1
Hexes          | 1 |  1.9
Fighting       | |  0.1
Maces & Flails | |  0.7

Action                   |  1- 3 |  4- 6 |  7- 9 || total
-------------------------+-------+-------+-------++-------
Melee: Mace              |       |     7 |       ||     7
 Cast: Magic Dart        |    37 |   103 |    39 ||   179
       Searing Ray       |     2 |     9 |    10 ||    21
       Dazzling Flash    |       |     8 |     4 ||    12
       Fulminant Prism   |       |     2 |     3 ||     5
  Use: Scroll            |     4 |     5 |     2 ||    11
Armor: Robe              |       |    11 |     9 ||    20
Dodge: Dodged            |     1 |    23 |    19 ||    43
Block: Other             |       |       |     5 ||     5
